AoeStats
← MkobeW

Fortress

510254386Analyzed
4v4 RM · 10h ago on Sep 30, 2026· 36m 14s· 8 players
Game mode
Random Map
Map size
Huge
Population
200
Speed
Normal
Resources
Standard
Victory
Conquest
Starting age
Dark Age
Ending age
Imperial Age
RankedLock teamsTeams togetherTeam positionsShared explorationLock speedFull tech treeHidden civsTurbo modeCheats
Victory
Defeat
🇨🇳 Persians · China
1321
+13
🇨🇳 Franks · China
1311
+14
🇺🇸 Ethiopians · United States
1305
+28
🇮🇳 Dravidians · India
1242
+16
🇧🇪 Portuguese · Belgium
1283
-15
🇺🇸 Bohemians · United States
1275
-15
🇨🇳 Poles · China
1261
-14
🇦🇷 Britons · Argentina
1229
-13
Thrillho
8:15 Feudal Age
9:26 Double-Bit Axe
9:29 Horse Collar
12:24 Castle Age
14:45 Heavy Plow
16:04 Wheelbarrow
19:32 Fervor
24:28 Imperial Age
23:34 Wagenburg Tactics
26:03 Chemistry
25:05 Scale Mail Armor
25:15 Forging
25:06 Padded Archer Armor
25:57 Houfnice
26:58 Chain Mail Armor
27:19 Iron Casting
26:44 Pikeman
27:24 Squires
27:09 Arson
27:53 Conscription
27:40 Halberdier
28:51 Plate Mail Armor
29:15 Siege Engineers
32:50 Blast Furnace
32:05 Leather Archer Armor
noumha
8:44 Feudal Age
13:19 Castle Age
11:08 Loom
12:26 Fletching
12:37 Padded Archer Armor
13:29 Crossbowman
14:54 Thumb Ring
15:32 Bodkin Arrow
16:16 Double-Bit Axe
16:15 Horse Collar
19:25 Bow Saw
19:54 Leather Archer Armor
20:29 Ballistics
26:44 Imperial Age
24:55 Gold Mining
26:52 Arbalester
27:50 Bracer
29:21 Ring Archer Armor
30:46 Chemistry
Aldeano sin Telar
7:08 Feudal Age
11:48 Castle Age
9:58 Double-Bit Axe
10:21 Horse Collar
10:49 Gold Mining
12:59 Heavy Plow
13:40 Bow Saw
19:49 Loom
20:21 Fletching
20:30 Town Watch
22:23 Crossbowman
23:00 Bodkin Arrow
23:54 Ballistics
24:34 Padded Archer Armor
27:10 Gold Shaft Mining
29:21 Imperial Age
28:48 Wheelbarrow
28:15 Town Patrol
28:32 Leather Archer Armor
29:26 Arbalester
30:02 Pikeman
30:43 Squires
30:28 Arson
31:10 Forging
31:00 Scale Mail Armor
31:00 Bracer
31:00 Halberdier
33:17 Chain Mail Armor
34:35 Iron Casting
Kyrieluo
7:23 Feudal Age
8:37 Feudal Age
12:33 Castle Age
10:53 Double-Bit Axe
11:20 Horse Collar
12:01 Gold Mining
22:17 Imperial Age
19:35 Loom
20:56 Bow Saw
21:36 Wheelbarrow
21:41 Heavy Plow
23:34 Szlachta Privileges
23:29 Cavalier
24:16 Town Watch
25:02 Bloodlines
25:32 Hand Cart
25:54 Husbandry
26:46 Forging
26:42 Scale Barding Armor
27:46 Conscription
28:34 Iron Casting
28:19 Chain Barding Armor
29:42 Crop Rotation
31:09 Blast Furnace
31:26 Town Patrol
31:38 Stone Mining
31:44 Fletching
MkobeW
6:43 Feudal Age
10:20 Castle Age
8:08 Double-Bit Axe
8:40 Horse Collar
11:04 Wheelbarrow
11:16 Bow Saw
11:26 Heavy Plow
17:34 Hand Cart
23:15 Imperial Age
20:37 Gold Mining
20:33 Loom
21:59 Gold Shaft Mining
21:16 Fletching
21:13 Elite Skirmisher
22:17 Bodkin Arrow
22:22 Padded Archer Armor
23:43 Ballistics
24:00 Bracer
25:09 Chemistry
24:31 Thumb Ring
25:44 Conscription
25:48 Leather Archer Armor
27:01 Ring Archer Armor
27:05 Crossbowman
28:12 Torsion Engines
29:25 Siege Engineers
29:31 Arbalester
30:42 Stone Mining
AER发到手软
0:38 Loom
6:35 Feudal Age
7:57 Loom
10:55 Castle Age
10:17 Double-Bit Axe
17:00 Gold Mining
17:00 Stone Mining
18:56 Wheelbarrow
20:04 Bow Saw
27:13 Imperial Age
25:54 Gold Shaft Mining
25:10 Stone Mining
26:49 Forging
26:44 Scale Barding Armor
27:49 Town Watch
28:28 Hand Cart
28:50 Iron Casting
28:40 Town Patrol
28:12 Cavalier
28:53 Husbandry
29:27 Conscription
30:24 Chain Barding Armor
31:12 Blast Furnace
30:29 Paladin
31:08 Cranequins
32:14 Ballistics
32:54 Chemistry
32:09 Ordonnance Companies
33:25 Hoardings
35:14 Heavy Mounted Crossbowman
35:54 Fletching
36:04 Padded Archer Armor
36:40 Plate Barding Armor
36:50 Chivalry
Shini_gami
7:31 Feudal Age
6:50 Loom
13:01 Castle Age
11:20 Double-Bit Axe
11:37 Horse Collar
11:57 Stone Mining
13:09 Gold Mining
18:51 Bow Saw
19:24 Town Watch
20:47 Heavy Plow
27:44 Imperial Age
27:24 Wheelbarrow
26:51 Town Patrol
27:16 Ballistics
26:46 Heated Shot
27:08 Masonry
27:00 Caravan
27:24 Fletching
27:35 Padded Archer Armor
28:11 Thumb Ring
28:21 Forging
29:48 Chemistry
29:11 Leather Archer Armor
29:31 Conscription
31:23 Scale Mail Armor
31:28 Scale Barding Armor
32:28 Medical Corps
33:02 Elite Elephant Archer
34:52 Bodkin Arrow
祈求好运
7:42 Feudal Age
11:12 Castle Age
9:26 Double-Bit Axe
9:33 Horse Collar
12:00 Bow Saw
17:38 Heavy Plow
19:36 Wheelbarrow
18:48 Loom
20:46 Hand Cart
20:28 Gold Mining
24:53 Imperial Age
23:28 Gold Shaft Mining
23:14 Scale Barding Armor
23:20 Forging
24:18 Chain Barding Armor
24:10 Husbandry
24:21 Bloodlines
25:25 Iron Casting
24:51 Cavalier
26:33 Plate Barding Armor
26:39 Savar
29:34 Blast Furnace
28:47 Town Watch
28:53 Stone Mining
30:32 Conscription
32:43 Coinage
32:14 Caravan
32:26 Light Cavalry
34:11 Banking
33:10 Hussar
Connection lost

Rejoining the realm…

Still unreachable

The connection could not be restored.

Session expired

The server has moved on; the page needs a fresh start.